 Dungeon Crawl Stone Soup version 0.27-a0-385-g3208abaabc (webtiles) character file.

Game seed: 4467549998970184776

27 sanka the Skirmisher (level 3, -3/33 HPs)
             Began as a Ghoul Monk on Feb 19, 2021.
             Slain by an adder (4 damage)
             ... on level 1 of the Dungeon.
             The game lasted 00:01:08 (982 turns).

sanka the Skirmisher (Ghoul Monk)                    Turns: 982, Time: 00:01:08

Health: -3/33      AC:  2    Str: 15    XL:     3   Next: 10%
Magic:  2/2        EV: 12    Int:  5    God:
Gold:   61         SH:  0    Dex: 11    Spells: 2/2 levels left

rFire    + . .     SeeInvis .   a - +0 hand axe
rCold    + . .     Faith    .   (no shield)
rNeg     + + +     Spirit   .   b - +0 robe
rPois    ∞         Reflect  .   (no helmet)
rElec    .         Harm     .   (no cloak)
rCorr    .         Rampage  .   (no gloves)
Will     .....                  (no boots)
Stlth    ++........             (no amulet)
HPRegen  0.00/turn              (no ring)
MPRegen  0.08/turn              f - ring of protection from fire

@: no status effects
A: claws 1, cold resistance 1, negative energy resistance 3, inhibited
regeneration, torment resistance, unbreathing
a: no special abilities


You were on level 1 of the Dungeon.
You visited 1 branch of the dungeon, and saw 2 of its levels.

You collected 61 gold pieces.


Innate Abilities, Weirdness & Mutations

You thrive by killing the living.
You are immune to poison.
You have sharp fingernails.
Your flesh is cold resistant. (rC+)
You are immune to negative energy. (rN+++)
You do not regenerate when monsters are visible.
You are immune to unholy pain and torment.
You can survive without breathing.


   Skills:
 - Level 4.0 Fighting
 + Level 3.3 Axes
 - Level 2.6 Dodging
 - Level 2.1 Stealth


You had 2 spell levels left.
You didn't know any spells.
Your spell library was empty.

Inventory:

Hand Weapons
 a - a +0 hand axe (weapon)
Armour
 b - a +0 robe (worn)
Jewellery
 f - a ring of protection from fire (right claw)
Scrolls
 c - 3 scrolls of identify {unknown}
 e - a scroll of blinking {unknown}
 g - a scroll of enchant armour {unknown}
Potions
 d - a potion of lignification {unknown}
 h - a potion of curing {unknown}

Dungeon Overview and Level Annotations

Branches:
Dungeon (2/15)

Altars:
Trog

.▒.....▒..▒.▒..▒..▒▒▒▒▒...▒▒▒▒▒▒▒
.......'.▒.▒.▒.'..▒ ▒...▒
.▒.▒▒▒.▒..▒)▒..▒..▒ ▒...▒
.▒.▒...▒▒.....▒▒..▒ ▒†..▒
▒▒.▒.▒..▒▒▒+▒▒▒...▒ ▒...▒
▒.▒.▒..........▒▒▒ ▒...▒
▒.▒.▒.▒.▒.▒....▒ ▒▒▒▒▒
▒.▒.▒.▒.▒.▒▒▒▒S▒▒▒▒▒▒▒
▒.▒...▒.▒.▒ ▒>n.....▒
▒.▒.▒.▒.▒'▒▒▒▒▒▒▒▒▒▒.▒
▒.▒.▒.▒.......▒ ▒.▒
▒.▒.▒.▒.......▒ ▒.▒
▒.▒▒▒.▒.......▒ ▒.▒
▒.....▒.......▒ ▒.▒
▒▒▒▒▒▒▒▒.......▒▒▒▒▒▒.▒
.........▒..........▒.▒
▒▒▒▒▒▒▒▒▒▒..........▒.▒


You could see an adder.


Message History

The adder bites you. The adder barely misses you.
Unknown command.
Unknown command.
You miss the adder. The adder bites you.
* * * LOW HITPOINT WARNING * * *
Unknown command.
You hit the adder.
The adder is moderately wounded.
The adder bites you.
* * * LOW HITPOINT WARNING * * *
The adder bites you.
* * * LOW HITPOINT WARNING * * *
Unknown command.
You barely miss the adder.
The adder is moderately wounded.
The adder bites you.
* * * LOW HITPOINT WARNING * * *
Unknown command.
You closely miss the adder.
The adder is moderately wounded.
The adder barely misses you. The adder closely misses you.
You hit the adder.
The adder is severely wounded.
The adder bites you.
* * * LOW HITPOINT WARNING * * *
The adder bites you.
You die...

Action                   || total
-------------------------++-------
Melee: Hand axe          ||    76
 Stab: Sleeping          ||     4
Armor: Robe              ||    15
Dodge: Dodged            ||    53

Levels and vault maps discovered:
D:1:      mrwooster_arrival_statue_3, layout_basic, minmay_box_of_dots
D:2:      layout_basic, bloody_trog, lemuel_round_altar

Notes
Turn   | Place    | Note
-------+----------+-------------------------------------------
     0 | D:1      | sanka the Ghoul Monk began the quest for the Orb.
     0 | D:1      | Reached XP level 1. HP: 19/19 MP: 0/0
   334 | D:1      | Reached skill level 3 in Axes
   334 | D:1      | Reached XP level 2. HP: 11/26 MP: 1/1
   751 | D:1      | Reached XP level 3. HP: 33/33 MP: 2/2
   754 | D:1      | Reached skill level 4 in Fighting
   966 | D:2      | Found a bloodstained altar of Trog.
   979 | D:1      | HP: 3/33 [adder (5)]
   981 | D:1      | HP: 1/33 [adder (2)]
   982 | D:1      | Slain by an adder

Vanquished Creatures
  A leopard gecko (D:1)
  A ball python (D:1)
  4 bats (D:1)
  3 giant cockroaches (D:1)
  6 hobgoblins (D:1)
  2 frilled lizards (D:1)
  4 kobolds (D:1)
  4 rats (D:1)
25 creatures vanquished.
